 Dungeon Crawl Stone Soup version 0.17-a0-1596-g1e86911 (webtiles) character file.

15110 karlkraus the Basher (level 11, -2/102 HPs)
             Began as a Minotaur Fighter on July 31, 2015.
             Was a Priest of Ru.
             Killed by divine providence
             ... invoked by an orc priest
              (11 damage)
             ... on level 4 of the Orcish Mines.
             The game lasted 00:34:16 (11550 turns).

karlkraus the Basher (Minotaur Fighter)            Turns: 11550, Time: 00:34:16

Health: -2/102     AC: 20    Str: 23    XL:     11   Next: 97%
Magic:  10/10      EV:  8    Int:  5    God:    Ru [***...]
Gold:   1433       SH: 13    Dex: 13    Spells: 0 memorised, 10 levels left

rFire  . . .     SeeInvis .     O - +4 morningstar
rCold  . . .     Clarity  .     B - +0 plate armour
rNeg   . . .     SustAt   .     c - +0 shield
rPois  .         Gourm    .     (helmet restricted)
rElec  .         Spirit   .     b - +0 cloak
rCorr  .         Warding  .     G - +0 pair of gloves of the Moon {Dex+2}
rMut   .         Stasis   .     K - +1 pair of boots
MR     +....                    (no amulet)
Stlth  ..........               a - ring of protection from magic
                                l - +3 ring of slaying

@: very slightly contaminated, somewhat resistant to hostile enchantments,
extremely unstealthy
A: retaliatory headbutt, horns 2, inability to drink while threatened, no
stealth, no charms magic, no ice magic, no necromancy magic
a: Draw Out Power, Renounce Religion


You were on level 4 of the Orcish Mines.
You worshipped Ru.
Ru was most pleased with you.
You were very hungry.

You visited 3 branches of the dungeon, and saw 15 of its levels.

You collected 1670 gold pieces.
You spent 237 gold pieces at shops.

Inventory:

Hand weapons
 f - a +2 flail of protection
 O - a +4 morningstar (weapon)
Armour
 b - a +0 cloak (worn)
 c - a +0 shield (worn)
 B - a +0 plate armour (worn)
 G - the +0 pair of gloves of the Moon (worn) {Dex+2}
   (You bought it in a shop on level 8 of the Dungeon)

   It affects your dexterity (+2).
 K - a +1 pair of boots (worn)
Jewellery
 a - a ring of protection from magic (right hand)
 k - an uncursed amulet of faith
 l - a +3 ring of slaying (left hand)
 r - an uncursed amulet of stasis
 I - a +3 ring of slaying
 L - an uncursed ring of positive energy
Scrolls
 g - 2 scrolls of teleportation
 z - a scroll of enchant armour
 E - a scroll of amnesia
 M - a scroll of remove curse
Potions
 d - a potion of might
 h - 2 potions of mutation {unknown}
 m - 2 potions of invisibility {unknown}
 o - a potion of brilliance {unknown}
 p - 7 potions of poison {unknown}
 s - 2 potions of curing
 w - a potion of flight {unknown}
 x - a potion of haste {unknown}
 H - a potion of degeneration
Books
 N - a book of the Earth

   Spells                             Type                      Level
   a - Leda's Liquefaction            Hexes/Earth                  4
   b - Bolt of Magma                  Conjuration/Fire/Earth       5
   c - Statue Form                    Transmutation/Earth          6
   d - Iron Shot                      Conjuration/Earth            6
   e - Shatter                        Earth                        9
Miscellaneous
 u - a stone of tremors
Comestibles
 e - 7 bread rations
 j - 3 meat rations
 t - 4 beef jerkies
 v - 27 fruits


   Skills:
 + Level 11.1 Fighting
 + Level 12.5 Maces & Flails
 + Level 11.4 Armour
 + Level 4.7 Dodging
 + Level 11.7 Shields


You had 10 spell levels left.
You didn't know any spells.

Dungeon Overview and Level Annotations

Branches:
Dungeon (10/15)            Temple (1/1) D:5            Lair (0/8) D:8
    Orc (4/4) D:10            Elf (0/3) Orc:4

Altars:
Ashenzari
Cheibriados
Dithmenos
Elyvilon
Fedhas
Gozag
Kikubaaqudgha
Makhleb
Nemelex Xobeh
Okawaru
Qazlal
Ru
Sif Muna
Trog
Vehumet
Xom
Yredelemnul
Zin
The Shining One
Beogh

Shops:
D:8 *   D:10 *(   Orc:4 %:(


Innate Abilities, Weirdness & Mutations

You reflexively headbutt those who attack you in melee.
You have a pair of horns on your head.
You cannot drink potions while threatened.
You cannot be stealthy.
You cannot study or cast Charms magic.
You cannot study or cast Ice magic.
You cannot study or cast Necromancy magic.


Message History

A two-headed ogre comes into view.
It is wielding a giant club and a dire flail.
The two-headed ogre shouts in stereo!
A two-headed ogre comes into view. It is wielding two giant clubs.
The two-headed ogre shouts in stereo!
The deep troll shouts!
An orc comes into view. It is wielding a club.
The orc shouts!
An orc comes into view. It is wielding a whip.
The orc shouts!
Found 38 gold pieces.
An orc priest comes into view. It is wielding a dagger.
The orc priest shouts!
A two-headed ogre comes into view. It is wielding two giant clubs.
The two-headed ogre shouts in stereo!
You redirect the orc priest's attack!
You block the orc's attack.
You can drink potions again.
You block the orc's attack.
The orc priest mumbles some strange prayers to Beogh against you.
Something smites you!
You die...

########## #######
###..#.....##..#....
##...................
#.............$......
#............$......
##...................
#.........O..........
#.....@ooT..O..........
#.......o...............
##.......O............O.
#....##.O...............
.....#............... ..
..................... .
...#................. ..
#.###.#.................
....∩.......


You could see a deep troll, 3 two-headed ogres, an ogre, an orc priest and 2
orcs.

Vanquished Creatures
  Josephine (Orc:2)
  Harold (Orc:1)
  A death yak (D:8)
  A deep troll (Orc:4)
  A hill giant (Orc:4)
  Pikel (D:8)
  An ugly thing (D:10)
  3 orc knights (Orc:3)
  Joseph (D:7)
  2 two-headed ogres
  A troll (Orc:4)
  A trapdoor spider (D:10)
  Sigmund (D:3)
  A deep elf mage (D:7)
  7 yaks (D:10)
  4 wraiths (Orc:2)
  2 wargs
  Duvessa (D:7)
  A black bear (D:10)
  A sky beast (D:6)
  An eye of draining (D:10)
  2 phantoms
  12 ogres
  15 orc warriors
  A centaur (D:6)
  3 crocodiles
  A wasp (D:10)
  2 big kobolds
  6 giant frogs
  Dowan (D:7)
  4 wights (D:8)
  3 centaur zombies
  2 crimson imps
  19 orc wizards
  3 jellies
  2 quasits (D:10)
  20 orc priests
  3 hounds
  A centaur skeleton (D:4)
  A giant frog skeleton (D:5)
  5 iguanas
  6 worker ants
  A sheep (D:8)
  14 adders
  A gnoll (D:3)
  2 oozes
  An adder zombie (D:5)
  An adder skeleton (D:8)
  4 giant geckos
  122 orcs
  2 ball pythons
  10 giant cockroaches
  12 hobgoblins
  4 jackals (D:5)
  7 bats
  A giant cockroach zombie (D:5)
  A giant gecko skeleton (D:8)
  5 giant newts
  8 goblins
  12 kobolds
  3 quokkas
  A quokka skeleton (D:5)
  A quokka zombie (D:6)
  7 rats
366 creatures vanquished.

Notes
Turn   | Place    | Note
--------------------------------------------------------------
     0 | D:1      | karlkraus the Minotaur Fighter began the quest for the Orb.
     0 | D:1      | Reached XP level 1. HP: 19/19 MP: 0/0
     3 | D:1      | Noticed an electric eel
     3 | D:1      | Noticed an electric eel
   193 | D:1      | Reached XP level 2. HP: 25/27 MP: 1/1
   565 | D:1      | Reached skill level 4 in Shields
   932 | D:2      | Reached XP level 3. HP: 31/33 MP: 2/2
  1158 | D:2      | Found a basalt altar of Yredelemnul.
  1744 | D:3      | Reached XP level 4. HP: 40/40 MP: 3/3
  1937 | D:3      | Noticed Sigmund
  1944 | D:3      | Killed Sigmund
  1944 | D:3      | Reached skill level 5 in Armour
  1944 | D:3      | Reached skill level 5 in Shields
  1944 | D:3      | Reached XP level 5. HP: 46/46 MP: 4/4
  1957 | D:3      | Reached skill level 1 in Dodging
  1957 | D:3      | Reached XP level 6. HP: 30/52 MP: 5/5
  2055 | D:3      | Found an iron altar of Okawaru.
  2644 | D:4      | Reached skill level 5 in Maces & Flails
  2989 | D:4      | Reached XP level 7. HP: 60/60 MP: 6/6
  3227 | D:5      | Entered Level 5 of the Dungeon
  3282 | D:5      | Reached skill level 6 in Armour
  3333 | D:5      | Found a staircase to the Ecumenical Temple.
  3348 | Temple   | Entered the Ecumenical Temple
  4086 | D:5      | Found a shattered altar of Ashenzari.
  4139 | D:5      | Reached skill level 5 in Fighting
  4827 | D:6      | Reached XP level 8. HP: 18/69 MP: 7/7
  5014 | D:6      | Found an opulent altar of Gozag.
  5159 | D:6      | Found a sacrificial altar of Ru.
  5168 | D:6      | Reached skill level 7 in Armour
  5178 | D:6      | Became a worshipper of Ru the Awakened
  5549 | D:7      | Noticed Duvessa
  5550 | D:7      | Noticed Dowan
  5558 | D:7      | Killed Duvessa
  5561 | D:7      | Killed Dowan
  5641 | D:7      | Reached skill level 8 in Shields
  5641 | D:7      | Reached XP level 9. HP: 60/78 MP: 8/8
  5708 | D:7      | Noticed Joseph
  5726 | D:7      | Killed Joseph
  6140 | D:8      | Found a basalt altar of Yredelemnul.
  6374 | D:8      | Gained mutation: You cannot study or cast Ice magic. [Ru sacrifice]
  6374 | D:8      | Gained mutation: You cannot study or cast Necromancy magic. [Ru sacrifice]
  6374 | D:8      | Gained mutation: You cannot study or cast Charms magic. [Ru sacrifice]
  6374 | D:8      | Acquired Ru's first power
  6424 | D:8      | Noticed a death yak
  6429 | D:8      | Reached skill level 9 in Shields
  6443 | D:8      | Killed a death yak
  6445 | D:8      | Reached XP level 10. HP: 53/88 MP: 9/9
  6472 | D:8      | Found a staircase to the Lair.
  6572 | D:8      | Found Hupuurymp's Assorted Antiques.
  6580 | D:8      | Bought a pair of faintly humming gloves for 237 gold pieces
  6590 | D:8      | Identified the cursed +0 pair of gloves of the Moon {Dex+2} (You bought it in a shop on level 8 of the Dungeon)
  6799 | D:8      | Noticed Pikel
  6810 | D:8      | Killed Pikel
  6954 | D:8      | Found a shimmering altar of Xom.
  6957 | D:8      | Found a burning altar of Makhleb.
  7750 | D:10     | Entered Level 10 of the Dungeon
  7860 | D:10     | Reached skill level 10 in Shields
  7876 | D:10     | Reached skill level 10 in Maces & Flails
  7952 | D:10     | Reached skill level 10 in Armour
  7976 | D:10     | Gained mutation: You cannot be stealthy. [Ru sacrifice]
  7976 | D:10     | Acquired Ru's second power
  7988 | D:10     | Found a staircase to the Orcish Mines.
  8332 | D:10     | Found Dudacy's Assorted Antiques.
  8400 | D:10     | Noticed a red ugly thing
  8409 | D:10     | Killed a red ugly thing
  8409 | D:10     | Reached skill level 11 in Maces & Flails
  8702 | D:10     | Reached XP level 11. HP: 64/99 MP: 10/10
  8739 | D:10     | Found Leuxismy's Antique Weapon Shoppe.
  8914 | Orc:1    | Entered Level 1 of the Orcish Mines
  8966 | Orc:1    | Noticed Harold
  8980 | Orc:1    | Killed Harold
  9181 | Orc:2    | Noticed Josephine
  9185 | Orc:2    | Reached skill level 10 in Fighting
  9198 | Orc:2    | Killed Josephine
  9920 | Orc:3    | Gained mutation: You cannot drink potions while threatened. [Ru sacrifice]
  9920 | Orc:3    | Acquired Ru's third power
 10141 | Orc:3    | Reached skill level 12 in Maces & Flails
 11085 | Orc:1    | Found a roughly hewn altar of Beogh.
 11373 | Orc:4    | Entered Level 4 of the Orcish Mines
 11386 | Orc:4    | Found a staircase to the Elven Halls.
 11481 | Orc:4    | Noticed a hill giant
 11495 | Orc:4    | Killed a hill giant
 11498 | Orc:4    | Noticed a deep troll
 11499 | Orc:4    | Noticed a deep troll
 11514 | Orc:4    | Noticed an ogre mage
 11528 | Orc:4    | Killed a deep troll
 11532 | Orc:4    | Noticed an ogre mage
 11534 | Orc:4    | Noticed a hill giant
 11539 | Orc:4    | Found Tuenonig's Weapon Shoppe.
 11539 | Orc:4    | Found Viwkaj's Food Shop.
 11539 | Orc:4    | Found Waathioch's Book Boutique.
 11550 | Orc:4    | Killed from afar by an orc priest

Vault maps used:
D:1:      arrival_aquarium_b
D:2:      first_bread, yredelemnul_altar_generic
D:3:      okawaru_altar_gauntlet_db, uniq_sigmund
D:5:      cheibrodos_ashenzari_chains, minmay_temple_entry_hall
D:6:      lemuel_crystal_altar, nicolae_overflow_crystal_walls,
          kennysheep_potato
D:7:      minivault_14, uniq_joseph, uniq_duvessa
D:8:      nicolae_overflow_hidden_temple, dpeg_lair_monsters, serial_shops,
          shop, uniq_pikel
D:10:     erik_orc_4, serial_shops, shop, shop, blue_anna_alchemist,
          kennysheep_small_square
Temple:   minmay_temple_forest_path_12
Orc:1:    david_defended_altar_orc, uniq_harold
Orc:2:    uniq_josephine
Orc:3:    nicolae_orc_pool_cavern
Orc:4:    st_orc_open

Action                   |  1- 3 |  4- 6 |  7- 9 | 10-12 || total
-------------------------+-------+-------+-------+-------++-------
Melee: Flail             |    85 |    73 |   136 |       ||   294
       Mace              |       |       |   159 |       ||   159
       Morningstar       |       |       |    32 |   525 ||   557
Invok: Sacrifice Arcana  |       |       |     1 |       ||     1
       Sacrifice Stealth |       |       |       |     1 ||     1
       Sacrifice Drink   |       |       |       |     1 ||     1
  Use: Potion            |       |     1 |     1 |     5 ||     7
       Scroll            |       |     6 |     4 |    14 ||    24
 Stab: Invisible         |       |       |       |     1 ||     1
  Eat: Chunk             |     2 |     4 |     9 |    16 ||    31
       Royal jelly       |       |       |     1 |       ||     1
       Fruit             |       |       |       |     1 ||     1
